 Dungeon Crawl Stone Soup version 0.26.0-10-g1f06aea511 (webtiles) character file.

Game seed: 12822438585656951928

269 theswoord the Chopper (level 6, -2/47 HPs)
             Began as a Demonspawn Monk on Jan 14, 2021.
             Slain by an ogre
             ... wielding a +0 giant club
              (4 damage)
             ... on level 4 of the Dungeon.
             The game lasted 00:03:31 (3230 turns).

theswoord the Chopper (Demonspawn Monk)             Turns: 3230, Time: 00:03:31

Health: -2/47      AC: 11    Str: 12 (14) XL:     6   Next: 1%
Magic:  6/6        EV:  3    Int: 10 (11) God:
Gold:   163        SH:  0    Dex: 13 (15) Spells: 5/5 levels left

rFire    + . .     SeeInvis .   c - +0 broad axe
rCold    . . .     Faith    .   (no shield)
rNeg     . . .     Spirit   .   d - +0 plate armour
rPois    .         Reflect  .   (no helmet)
rElec    .         Harm     .   (no cloak)
rCorr    .         Rampage  .   g - +0 pair of gloves
Will     .....                  (no boots)
Stlth    ..........             (no amulet)
HPRegen  0.15/turn              (no ring)
MPRegen  0.10/turn              (no ring)

@: no status effects
A: fire resistance 1, flame cloud immunity
a: no special abilities


You were on level 4 of the Dungeon.
You visited 1 branch of the dungeon, and saw 4 of its levels.

You collected 163 gold pieces.

Inventory:

Hand Weapons
 a - a +0 hand axe
 c - a +0 broad axe (weapon)
Armour
 b - a +0 robe
 d - a +0 plate armour (worn)
 g - a +0 pair of gloves (worn)
Jewellery
 h - an uncursed ring of fire {unknown}
 l - a cursed ring of teleportation {unknown}
 s - an uncursed ring of poison resistance {unknown}
Scrolls
 i - a scroll of remove curse
 j - 4 scrolls of identify
Potions
 e - 2 potions of haste {unknown}
 f - 3 potions of degeneration
 k - 2 potions of heal wounds {unknown}
 m - a potion of magic {unknown}
 o - 2 potions of curing {unknown}
 q - a potion of ambrosia {unknown}
 r - a potion of attraction


   Skills:
 - Level 3.0 Fighting
 + Level 6.2 Axes
 - Level 2.6 Dodging
 - Level 1.7 Stealth


You had 5 spell levels left.
You didn't know any spells.
Your spell library was empty.

Dungeon Overview and Level Annotations

Branches:
Dungeon (4/15)
 Temple: D:4-7

Altars:
Fedhas
Gozag
Nemelex Xobeh
Ru
Zin


Innate Abilities, Weirdness & Mutations

Your flesh is heat resistant. (rF+)
You are immune to clouds of flame.


Message History

You destroy the leopard gecko skeleton!
You slash the orc!
You kill the orc!
A worker ant comes into view.
The ogre hits you with a +0 giant club!
Found a scroll of remove curse.
You see here an adder corpse.
You hit the ogre.
The ogre is lightly wounded.
The ogre hits you with a +0 giant club!!
* * * LOW HITPOINT WARNING * * *
You hit the ogre but do no damage.
The ogre is lightly wounded.
The ogre hits you with a +0 giant club!
* * * LOW HITPOINT WARNING * * *
It was a potion of degeneration.
There was something very wrong with that liquid.
You feel weakened.
You feel dopey.
You feel clumsy. The ogre hits you with a +0 giant club.
You die...

....................#
#####..##########.##
#.## #.# #####.#### #.#
#........# #.#
+.##.###.# ##.## ..###
#.# #.#######...#
.....?##.###............
#..@)..#####.###.#.#
#...BO..........# ##.##
#....##.<.......# ###
...... ###.###.#.# .#..$
..##.#.# #... .....#.#
#.# #.##.#># #. #.#


You could see an ogre and a worker ant.

Vanquished Creatures
  A hound (D:4)
  Jessica (D:2)
  Natasha (thrice) (D:2)
  An orc wizard (D:3)
  A worker ant (D:4)
  A gnoll (D:1)
  2 adders
  An ooze (D:3)
  2 leopard geckos (D:1)
  5 orcs
  5 bats
  A giant cockroach (D:2)
  6 goblins
  7 hobgoblins
  3 jackals (D:2)
  8 kobolds
  A quokka (D:3)
  2 ball pythons
  4 frilled lizards
  A leopard gecko skeleton (D:4)
  3 rats
59 creatures vanquished.

Notes
Turn   | Place    | Note
-------+----------+-------------------------------------------
     0 | D:1      | theswoord the Demonspawn Monk began the quest for the Orb.
     0 | D:1      | Reached XP level 1. HP: 18/18 MP: 1/1
   375 | D:1      | Reached skill level 3 in Axes
   402 | D:1      | Gained mutation: Your flesh is heat resistant. (rF+)
                  | [demonic ancestry]
   402 | D:1      | Reached XP level 2. HP: 13/24 MP: 2/2
   819 | D:1      | Gained mutation: You are immune to clouds of flame.
                  | [demonic ancestry]
   819 | D:1      | Reached XP level 3. HP: 26/29 MP: 3/3
  1038 | D:2      | Found a sacrificial altar of Ru.
  1151 | D:2      | Reached skill level 4 in Axes
  1187 | D:2      | Noticed Natasha
  1202 | D:2      | Killed Natasha
  1421 | D:2      | Noticed Natasha
  1434 | D:2      | Killed Natasha
  1435 | D:2      | Reached XP level 4. HP: 30/35 MP: 4/4
  1593 | D:2      | Noticed Natasha
  1603 | D:2      | Killed Natasha
  1604 | D:2      | Reached skill level 5 in Axes
  1759 | D:2      | Found an opulent altar of Gozag.
  1760 | D:2      | Found a glowing silver altar of Zin.
  1849 | D:2      | Noticed Jessica
  1859 | D:2      | Killed Jessica
  1860 | D:2      | Reached XP level 5. HP: 29/41 MP: 5/5
  2217 | D:3      | Found a blossoming altar of Fedhas.
  3097 | D:3      | Found a sparkling altar of Nemelex Xobeh.
  3224 | D:4      | Noticed an ogre
  3225 | D:4      | Reached skill level 6 in Axes
  3226 | D:4      | Reached XP level 6. HP: 45/47 MP: 6/6
  3229 | D:4      | HP: 2/47 [ogre/+0 giant club (16)]
  3230 | D:4      | Slain by an ogre

Skill      XL: |  1  2  3  4  5 |
---------------+----------------+-----
Axes           | 3 4 5 6 |  6.2
Fighting       | |  3.0
Dodging        | |  2.6
Stealth        | |  1.7

Action                   |  1- 3 |  4- 6 || total
-------------------------+-------+-------++-------
Melee: Hand axe          |   128 |    34 ||   162
       Broad axe         |       |    91 ||    91
  Use: Scroll            |       |     7 ||     7
       Potion            |       |     1 ||     1
Armor: Plate armour      |   104 |   111 ||   215
Dodge: Dodged            |    25 |    26 ||    51

Levels and vault maps discovered:
D:1:      dpeg_arrival_more_subterranean_lakeside_camping, layout_rooms,
          minmay_tetromino_s4
D:2:      layout_basic, grunt_temple_overflow_gold_and_silver, serial_curves,
          eino_curves_04, eino_curves_03, eino_curves_01, eino_curves_03,
          nicolae_ru_awakened_eye, uniq_jessica, uniq_natasha
D:3:      layout_basic, fedhas_ov_isle_minmay, st_stairs_3,
          nemelex_dance_club_becter
D:4:      layout_loops_ring, kennysheep_mini_moat, kennysheep_mini,
          minmay_temple_entry_enclosed_plants, minmay_misc_feat_secret_circle,
          sigmund_edmund_badplayer, uniq_sigmund
